 Dungeon Crawl Stone Soup version 0.28.0-53-g5a82cb258f (webtiles) character file.

Game seed: 4842278993817029856

1699 Peloso the Carver (level 8, -12/71 HPs)
             Began as a Minotaur Fighter on Aug 19, 2022.
             Killed from afar by a steam dragon (15 damage)
             ... with a ball of steam
             ... on level 7 of the Dungeon.
             The game lasted 00:08:35 (5089 turns).

Peloso the Carver (Minotaur Fighter)                Turns: 5089, Time: 00:08:37

Health: -12/71     AC: 13    Str: 21    XL:     8   Next: 73%
Magic:  0/7        EV:  3    Int:  5    God:
Gold:   197        SH: 17    Dex: 18    Spells: 7/7 levels left

rFire   . . .      SeeInvis .   a - +0 long sword
rCold   . . .      Faith    .   c - +2 tower shield
rNeg    + . .      Spirit   +   h - +0 plate armour
rPois   .          Reflect  .   (helmet restricted)
rElec   .          Harm     .   (no cloak)
rCorr   .          Rampage  .   (no gloves)
Will    .....                   (no boots)
Stlth   ..........              j - amulet of guardian spirit
HPRegen 0.21/turn               e - ring of positive energy
MPRegen 0.10/turn               g - +6 ring of dexterity

@: no status effects
A: horns 2, retaliatory headbutt
a: no special abilities


You were on level 7 of the Dungeon.
You visited 2 branches of the dungeon, and saw 8 of its levels.

You collected 197 gold pieces.

Inventory:

Hand Weapons
 a - a +0 long sword (weapon)
Armour
 c - a +2 tower shield (worn)
 h - a +0 plate armour (worn)
Magical Staves
 b - a staff of fire
Jewellery
 e - a ring of positive energy (left hand)
 g - a +6 ring of dexterity (right hand)
 j - an amulet of guardian spirit (around neck)
 t - a ring of see invisible
Wands
 n - a wand of mindburst (10)
Scrolls
 d - 2 scrolls of fog
 f - 2 scrolls of teleportation
 i - 2 scrolls of magic mapping
 k - a scroll of immolation
 o - 3 scrolls of enchant armour
 p - a scroll of enchant weapon {unknown}
 q - a scroll of amnesia {unknown}
Potions
 m - a potion of haste {unknown}
 r - a potion of mutation
 s - a potion of degeneration {unknown}


   Skills:
 + Level 6.8 Fighting
 + Level 9.1 Long Blades
 + Level 7.8 Armour
 + Level 1.0 Dodging
 + Level 0.3 Stealth
 + Level 5.5 Shields


You had 7 spell levels left.
You didn't know any spells.
Your spell library contained the following spells:

 Spells                   Type           Power      Damage    Failure   Level
 Static Discharge         Conj/Air       0%         N/A       100%        2
 Dazzling Flash           Conj/Hex       0%         N/A       100%        3
 Dispel Undead            Necr           0%         3d6       100%        4
 Iskenderun's Mystic Bla  Conj/Tloc      0%         2d3       100%        4
 Sticky Flame             Conj/Fire      0%         2d3       100%        4
 Starburst                Conj/Fire      0%         6d3       100%        6


Dungeon Overview and Level Annotations

Branches:
Dungeon (7/15)             Temple (1/1) D:7

Altars:
Ashenzari
Cheibriados
Elyvilon
Fedhas
Gozag
Hepliaklqana
Makhleb
Sif Muna
Uskayaw
Vehumet
Wu Jian
Xom
Yredelemnul
The Shining One

Shops:
D:2 (

Annotations:
D:3 Grinder


Innate Abilities, Weirdness & Mutations

You have a pair of horns on your head.
You reflexively headbutt those who attack you in melee.


Message History

The steam dragon is heavily wounded.
The steam dragon bites you but does no damage.
You block the steam dragon's attack.
The steam dragon bites you but does no damage.
The steam dragon claws you but does no damage.
You barely miss the steam dragon.
The steam dragon is heavily wounded.
The steam dragon bites you. You block the steam dragon's attack.
You hit the steam dragon.
The steam dragon is severely wounded.
The steam dragon breathes steam at you. The ball of steam hits you!!
* * * LOW HITPOINT WARNING * * *
You hear a shout! x2
You hit the steam dragon but do no damage.
The steam dragon is severely wounded.
You are engulfed in a cloud of scalding steam.
The steam dragon bites you.
* * * LOW HITPOINT WARNING * * *
You block the steam dragon's attack.
The steam dragon bites you but does no damage.
The steam dragon claws you but does no damage.
You feel better.
You are engulfed in a cloud of scalding steam.
* * * LOW HITPOINT WARNING * * *
You block the steam dragon's attack.
The steam dragon claws you but does no damage.
You closely miss the steam dragon.
The steam dragon is heavily wounded.
You are engulfed in a cloud of scalding steam.
* * * LOW HITPOINT WARNING * * *
The steam dragon barely misses you. You block the steam dragon's attack.
Unknown command.
You slash the steam dragon!
The steam dragon is almost dead.
You are engulfed in a cloud of scalding steam.
* * * LOW HITPOINT WARNING * * *
The steam dragon breathes steam at you. The ball of steam hits you!
You die...

........#
#..##.
#.......#
#..##.
#.......#
##....
#..p....###
###.....
#D.......
........
#.##########
###..##. #.#
#......# #..##.
#.###.####.#
#..... #ppD@ยง#
#.# #.#...
####### #.#
#.###.
##########.# #
#. ...........#
##.
######.#####.#
#.. #........
#.. #.######.
###.. #......#
#....
######.####[...


You could see 2 humans and a steam dragon (catching breath).

Vanquished Creatures
  A kobold demonologist (D:6)
  A human (D:7)
  Menkaure (D:4)
  A water moccasin (D:6)
  An ice beast (D:7)
  2 sky beasts (D:5)
  A centaur (D:7)
  A kobold brigand (D:6)
  2 phantoms
  A wyvern zombie (D:6)
  A wyvern skeleton (D:5)
  A water moccasin skeleton (D:5)
  A centaur zombie (D:7)
  A centaur skeleton (D:7)
  A bullfrog skeleton (D:6)
  An orc priest (D:5)
  A jelly (D:7)
  2 iguanas
  3 gnolls (D:4)
  3 adders
  An ufetubus (D:4)
  A worm (D:2)
  A dart slug (D:1)
  8 orcs
  8 ball pythons
  6 endoplasms
  2 giant cockroaches
  7 goblins
  7 hobgoblins
  5 jackals
  9 kobolds
  A quokka (D:4)
  5 bats
  7 frilled lizards
  5 rats
100 creatures vanquished.

Notes
Turn   | Place    | Note
-------+----------+-------------------------------------------
     0 | D:1      | Peloso the Minotaur Fighter began the quest for the Orb.
     0 | D:1      | Reached XP level 1. HP: 19/19 MP: 0/0
   343 | D:1      | Reached XP level 2. HP: 20/27 MP: 1/1
   742 | D:1      | Reached XP level 3. HP: 29/33 MP: 2/2
  1154 | D:2      | Reached skill level 3 in Long Blades
  1224 | D:2      | Found a snail-covered altar of Cheibriados.
  1524 | D:2      | Found Podiho's Antique Weapon Shoppe.
  1860 | D:2      | Reached XP level 4. HP: 40/40 MP: 3/3
  1958 | D:2      | Found a faded altar of an unknown god.
  2116 | D:3      | Noticed Grinder
  2489 | D:4      | Reached skill level 5 in Armour
  2583 | D:4      | Noticed a phantom
  2596 | D:4      | Killed a phantom
  2597 | D:4      | Reached skill level 4 in Long Blades
  2597 | D:4      | Reached XP level 5. HP: 43/47 MP: 4/4
  2628 | D:4      | Noticed Menkaure
  2632 | D:4      | Killed Menkaure
  2633 | D:4      | Reached skill level 5 in Long Blades
  2633 | D:4      | Reached XP level 6. HP: 39/53 MP: 5/5
  2942 | D:4      | Reached skill level 5 in Fighting
  3210 | D:5      | Entered Level 5 of the Dungeon
  3245 | D:5      | Noticed a sky beast
  3256 | D:5      | Killed a sky beast
  3509 | D:5      | Reached skill level 6 in Long Blades
  3509 | D:5      | Reached XP level 7. HP: 61/61 MP: 6/6
  3809 | D:6      | Noticed a kobold demonologist
  3821 | D:6      | Noticed a red devil
  3831 | D:6      | Noticed a red devil
  3831 | D:6      | Killed a kobold demonologist
  3832 | D:6      | Reached skill level 7 in Long Blades
  3832 | D:6      | Reached XP level 8. HP: 62/70 MP: 7/7
  3841 | D:6      | Reached skill level 5 in Shields
  3845 | D:6      | Reached skill level 8 in Long Blades
  4044 | D:6      | Identified the +1 leather armour "Yckeal" {rC+ Will+ Dex+2
                  | Slay+3}
  4575 | D:7      | Found a staircase to the Ecumenical Temple.
  4590 | Temple   | Entered the Ecumenical Temple
  4874 | D:7      | Reached skill level 9 in Long Blades
  5080 | D:7      | Reached skill level 1 in Dodging
  5089 | D:7      | HP: 3/71 [steam dragon] (7)]
  5089 | D:7      | Killed from afar by a steam dragon

Illustrated notes

Levels and vault maps discovered:
D:1:      dpeg_arrival_boxorama, layout_loops_ring, minmay_unequal
D:2:      layout_basic, basic_altar, shapermc_ecumenical_altar_hornbeckon,
          serial_shops, shop
D:3:      layout_rooms, grunt_temple_overflow_open, kennysheep_big_empty_room,
          kennysheep_generic_room_6, uniq_grinder, uniq_natasha
D:4:      layout_basic, uniq_menkaure
D:5:      lemuel_castle_with_subvaults [lemuel_castle_interior_carwin_1],
          layout_gridville, uniq_pikel
D:6:      layout_rooms, hangedman_abyss_or_decor_lesser_grid
D:7:      layout_basic, minmay_temple_entry_stoned_glass, minmay_ruffians
Temple:   oiseaux_autumnal_temple

Skill      XL: |  1  2  3  4  5  6  7  8 |
---------------+-------------------------+-----
Armour         | 4 5 6 7 |  7.8
Fighting       | 4 5 6 |  6.8
Shields        | 4 5 |  5.5
Long Blades    | 3 4 5 6 7 9 |  9.1
Dodging        | 1 |  1.0
Stealth        | |  0.3

Action                   |  1- 3 |  4- 6 |  7- 9 || total
-------------------------+-------+-------+-------++-------
Melee: Long sword        |    84 |    79 |   106 ||   269
       Headbutt          |    12 |    14 |    25 ||    51
  Use: Scroll            |     4 |     1 |     3 ||     8
       Potion            |       |     1 |     2 ||     3
Armor: Scale mail        |    40 |       |       ||    40
       Plate armour      |       |    48 |    67 ||   115
Dodge: Dodged            |    42 |    18 |    30 ||    90
Block: Buckler           |    24 |    19 |    30 ||    73
       Tower shield      |       |       |    14 ||    14
